 Dungeon Crawl Stone Soup version 0.32-a0-433-g08bcfe7efd (webtiles) character file.

Game seed: 1073550069787677188

52 pokeman the Magician (level 3, 0/20 HPs)
             Began as a Deep Elf Hedge Wizard on Feb 23, 2024.
             Slain by a bat (1 damage)
             ... on level 2 of the Dungeon.
             The game lasted 00:02:33 (1623 turns).

pokeman the Magician (Deep Elf Hedge Wizard)        Turns: 1623, Time: 00:02:34

Health: 0/20       AC:  4    Str:  7    XL:     3   Next: 60%
Magic:  1/11       EV: 12    Int: 20    God:
Gold:   131        SH:  0    Dex: 14    Spells: 4/12 levels left

rFire   . . .        a - +0 dagger
rCold   . . .        (no shield)
rNeg    . . .        b - +0 robe
rPois   .            c - +0 hat
rElec   .            h - +0 cloak
rCorr   .            (no gloves)
SInv    .            i - +0 pair of boots
Will    .....        f - amulet of the acrobat
Stlth   ++           (no ring)
HPRegen 0.23/turn    (no ring)
MPRegen 0.12/turn

%: acrobat
@: lethally poisoned (0 -> -2), very slightly contaminated
A: no striking features
a: no special abilities


You were on level 2 of the Dungeon.
You visited 1 branch of the dungeon, and saw 2 of its levels.

You collected 131 gold pieces.

Inventory:

Hand Weapons
 a - a +0 dagger (weapon)
Armour
 b - a +0 robe (worn)
 c - a +0 hat (worn)
 h - a +0 cloak (worn)
 i - a +0 pair of boots (worn)
Jewellery
 f - an amulet of the acrobat (around neck)
Scrolls
 g - a scroll of fear {unknown}
Potions
 d - a potion of magic
 e - a potion of lignification {unknown}


   Skills:
 - Level 1.0 Fighting
 - Level 1.0 Armour
 + Level 2.4 Dodging
 + Level 2.4 Stealth
 * Level 5.3 Spellcasting
 + Level 2.0 Conjurations
 - Level 1.1 Summonings
 - Level 1.1 Translocations


You had 4 spell levels left.
You knew the following spells:

 Your Spells              Type           Power      Damage    Failure   Level
a - Magic Dart            Conj           52%        1d5       4%          1
b - Mephitic Cloud        Conj/Alch/Air  8%         N/A       26%         3
c - Call Imp              Summ           18%        N/A       11%         2
d - Blink                 Tloc           18%        N/A       11%         2

Your spell library contained the following spells:

 Spells                   Type           Power      Damage    Failure   Level
 Slow                     Hex            20%        N/A       12%         1
 Cigotuvi's Dreadful Rot  Necr/Alch/Air  10%        N/A       17%         2
 Fugue of the Fallen      Necr           5%         N/A       34%         3
 Ozocubu's Armour         Ice            5%         N/A       34%         3
 Manifold Assault         Tloc           9%         N/A       56%         4


Dungeon Overview and Level Annotations

Branches:
Dungeon (2/15)

Altars:

Shops:
D:1 :   D:2 [


Message History

Press: ? - help, Shift-Dir - straight line, p - ribbon worm You miscast Mephitic Cloud.
Nothing appears to happen.
The bat barely misses you.
Unknown command.
Casting: Mephitic Cloud (extremely dangerous; 26% risk of failure)
Confirm with . or Enter, or press ? or * to list all spells.
You don't have enough magic to cast this spell.
Unknown command.
The bat closely misses you. The bat misses you.
Casting: Mephitic Cloud (extremely dangerous; 26% risk of failure)
Confirm with . or Enter, or press ? or * to list all spells.
Aiming: Mephitic Cloud (extremely dangerous; 26% risk of failure)
Press: ? - help, Shift-Dir - straight line, f - gnoll
Aim: a gnoll, wielding a +0 flail (chance to affect: 91%)
You miscast Mephitic Cloud.
You are engulfed in toxic fumes.
You are lethally poisoned!
You feel very sick. The bat hits you but does no damage.
You feel very sick. The gnoll attacks as it pursues you!
The gnoll closely misses you. The bat hits you.
You feel very sick. The bat misses you. The gnoll attacks as it pursues you!
The gnoll misses you.
You feel sick.
* * * LOW HITPOINT WARNING * * *
You feel sick. The bat misses you.
* * * LOW HITPOINT WARNING * * *
You feel sick. The bat completely misses you.
The ribbon worm expels a string of sticky webbing.
The stream of webbing hits you but does no damage.
You are caught in a web!
There is a web here.
You struggle to detach yourself from the web.
* * * LOW HITPOINT WARNING * * *
You feel sick.
Unknown command.
The web tears apart.
* * * LOW HITPOINT WARNING * * *
You feel sick. The bat hits you.
You die...

..... #.....##.#.#..
.....############.....##.#.###
.........#......#.....##.#.#
................#.....##.#.#
................#.....##.#'###
#............#.....##......
#......w.....###+#.##......
#........##### #.#'##......
#........g@#####(..........
<..........b.................
####...##....#####...........
........#### #..##''##...
...........# #.##≈..≈##..
.........#.### ###≈≈..≈≈##.
........#<..### #≈≈♣.♣♣≈≈##
........###...###≈..⌠.♣.≈#.
#######∩#.†.....#≈.♣.⌠..≈##


You could see a ribbon worm, a gnoll and a bat.

Vanquished Creatures
  2 gnolls (D:2)
  An adder (D:2)
  3 ball pythons
  2 endoplasms (D:2)
  A giant cockroach (D:2)
  2 goblins (D:1)
  A hobgoblin (D:1)
  2 jackals (D:1)
  2 quokkas
  3 bats (D:1)
  3 kobolds
  2 rats (D:2)
24 creatures vanquished.

Notes
Turn   | Place    | Note
-------+----------+-------------------------------------------
     0 | D:1      | pokeman the Deep Elf Hedge Wizard began the quest for the
                  | Orb.
     0 | D:1      | Reached XP level 1. HP: 10/10 MP: 7/7
   310 | D:1      | Reached XP level 2. HP: 15/15 MP: 6/9
   553 | D:1      | Found Feidebis's Book Shoppe.
   738 | D:2      | Found Jaall's Antique Armour Emporium.
  1267 | D:2      | Reached skill level 5 in Spellcasting
  1267 | D:2      | Reached XP level 3. HP: 20/20 MP: 1/11
  1271 | D:2      | Learned a level 3 spell: Mephitic Cloud
  1274 | D:2      | Learned a level 2 spell: Call Imp
  1277 | D:2      | Learned a level 2 spell: Blink
  1532 | D:2      | Reached skill level 1 in Fighting
  1532 | D:2      | Reached skill level 1 in Armour
  1623 | D:2      | HP: 1/20 [poison]
  1623 | D:2      | Slain by a bat

Illustrated notes

Levels and vault maps discovered:
D:1:      amcnicky_arrival_single_pillar, layout_rooms, serial_shops,
          nicolae_shop_just_a_little_nook, minmay_split_cup_small
D:2:      layout_basic, serial_shops, shop, kennysheep_generic_room_3

Skill      XL: |  1  2  3 |
---------------+----------+-----
Spellcasting   | 5 |  5.3
Fighting       | 1 |  1.0
Armour         | 1 |  1.0
Conjurations   | 2 |  2.0
Dodging        | |  2.4
Stealth        | |  2.4
Summonings     | |  1.1
Translocations | |  1.1

Action                     || total
---------------------------++-------
  Melee: Dagger            ||     4
   Cast: Magic Dart        ||    74
 Armour: Robe              ||    10
  Dodge: Dodged            ||    21

Table legend: (Time is in decaauts)
 A = Elapsed time spent in this place.
 B = Non-inter-level travel time spent in this place.
 C = Inter-level travel time spent in this place.
 D = Time resting spent in this place.
 E = Time spent auto-exploring this place.
 F = Levels seen in this place.
 G = Mean time per level.
                   A        B        C        D        E       F      G
               +--------+--------+--------+--------+--------+-----+--------+
         Total |   1622 |   1615 |      7 |      0 |   1399 |   2 |  811.0 |
       Dungeon |   1622 |   1615 |      7 |      0 |   1399 |   2 |  811.0 |
               +--------+--------+--------+--------+--------+-----+--------+

Top non-repeatable levels by time:
     D:2: 936 daAuts
     D:1: 686 daAuts
